AoeStats
← jmsuarezm1980

Arabia

509701224Analyzed
2v2 RM · 3d ago on Sep 27, 2026· 68m 42s· 4 players
Game mode
Random Map
Map size
Medium (4 player)
Population
200
Speed
Normal
Resources
Standard
Victory
Conquest
Starting age
Dark Age
Ending age
Imperial Age
RankedLock teamsTeams togetherTeam positionsShared explorationLock speedFull tech treeHidden civsTurbo modeCheats
Victory
Defeat
🇨🇱 Franks · Chile
556
+17
530
+19
🇪🇸 Hindustanis · Spain
588
-18
🇨🇴 Teutons · Colombia
586
-18
zXproXz
13:50 Feudal Age
13:58 Man-at-Arms
14:24 Arson
15:53 Wheelbarrow
25:49 Stone Mining
25:49 Gold Mining
25:47 Double-Bit Axe
25:45 Horse Collar
29:14 Castle Age
28:07 Forging
27:57 Scale Mail Armor
29:52 Padded Archer Armor
29:45 Fletching
29:21 Elite Skirmisher
29:52 Gambesons
29:45 Long Swordsman
29:48 Pikeman
30:31 Squires
32:31 Stone Shaft Mining
35:49 Iron Casting
35:29 Chain Mail Armor
35:31 Leather Archer Armor
35:12 Bodkin Arrow
40:40 Bow Saw
40:33 Heavy Plow
41:15 Hand Cart
44:42 Ballistics
50:57 Imperial Age
53:36 Elite Teutonic Knight
55:10 Masonry
55:35 Capped Ram
64:36 Chemistry
jmsuarezm1980
10:54 Feudal Age
11:23 Double-Bit Axe
11:23 Horse Collar
20:18 Castle Age
19:21 Forging
20:54 Scale Barding Armor
21:23 Bow Saw
21:55 Gold Mining
30:45 Arson
30:21 Pikeman
35:59 Fletching
Roberto Manfinfla
10:46 Feudal Age
12:04 Double-Bit Axe
20:12 Castle Age
19:46 Stone Mining
20:57 Town Watch
21:10 Pikeman
22:08 Husbandry
23:27 Bow Saw
33:16 Squires
41:25 Gold Mining
54:27 Imperial Age
52:58 Padded Archer Armor
53:08 Scale Barding Armor
54:36 Cavalier
54:41 Halberdier
57:06 Forging
56:58 Scale Mail Armor
57:15 Chivalry
59:43 Town Patrol
60:20 Wheelbarrow
59:59 Masonry
59:44 Guard Tower
62:22 Hand Cart
61:32 Ordonnance Companies
62:42 Conscription
62:47 Paladin
66:56 Treadmill Crane
67:18 Murder Holes
TESTOSTERONA > 2000 ng/dL
9:58 Feudal Age
16:32 Loom
18:40 Man-at-Arms
26:14 Castle Age
24:26 Double-Bit Axe
26:24 Horse Collar
29:15 Wheelbarrow
30:00 Cavalier
32:20 Forging
32:12 Scale Mail Armor
32:19 Scale Barding Armor
31:42 Long Swordsman
32:23 Squires
32:50 Gold Mining
33:51 Hand Cart
40:06 Imperial Age
40:22 Two-Handed Swordsman
42:45 Iron Casting
42:26 Chain Mail Armor
42:26 Champion
48:58 Elite Coustillier
56:08 Blast Furnace
55:39 Plate Mail Armor
60:21 Chain Barding Armor
63:19 Plate Barding Armor
64:20 Caravan
64:51 Coinage
64:32 Guilds
Connection lost

Rejoining the realm…

Still unreachable

The connection could not be restored.

Session expired

The server has moved on; the page needs a fresh start.